 Dungeon Crawl Stone Soup version 0.18-a0-750-g37044d6 (webtiles) character file.

78 lucasterio the Cudgeler (level 4, 0/35 HPs)
             Began as a Demonspawn Berserker on Dec 12, 2015.
             Was a Believer of Trog.
             Killed from afar by Sigmund (7 damage)
             ... with a puff of flame
             ... on level 3 of the Dungeon.
             The game lasted 00:05:29 (1616 turns).

lucasterio the Cudgeler (Demonspawn Berserker)      Turns: 1616, Time: 00:05:29

Health: 0/35       AC: 13    Str: 18    XL:     4   Next: 15%
Magic:  4/4        EV:  9    Int:  9    God:    Trog [**....]
Gold:   62         SH:  0    Dex: 12    Spells: 0 memorised, 3 levels left

rFire  . . .     SeeInvis .     g - +1 whip (venom)
rCold  . . .     Clarity  .     d - +3 chain mail
rNeg   . . .     SustAt   .     (no shield)
rPois  +         Gourm    .     j - +2 hat
rElec  .         Spirit   .     (no cloak)
rCorr  .         Dismiss  .     (no gloves)
rMut   .         Stasis   .     (no boots)
MR     .....                    (no amulet)
Stlth  ..........               (no ring)
                                f - ring of poison resistance

@: confused, not resistant to hostile enchantments, extremely unstealthy
A: sturdy frame 2
a: Berserk, Trog's Hand, Burn Spellbooks, Renounce Religion


You were on level 3 of the Dungeon.
You worshipped Trog.
Trog was pleased with you.
You were not hungry.

You visited 1 branch of the dungeon, and saw 3 of its levels.

You collected 62 gold pieces.

Inventory:

Hand Weapons
 a - a +0 mace
 g - a +1 whip of venom (weapon)
Missiles
 v - 24 arrows
Armour
 d - a +3 chain mail (worn)
 j - a +2 hat (worn)
 w - a +0 ring mail of fire resistance
Jewellery
 f - a ring of poison resistance (left hand)
Scrolls
 e - 2 scrolls of identify {unknown}
 i - a scroll of enchant weapon {unknown}
 k - 2 scrolls of noise {unknown}
 n - a scroll of enchant armour {unknown}
 o - a scroll of fear {unknown}
 q - a scroll of teleportation {unknown}
 u - a scroll of fog {unknown}
Potions
 h - a potion of ambrosia {unknown}
 l - a potion of cancellation {unknown}
 m - 2 potions of might {unknown}
 r - a potion of lignification {unknown}
 s - a potion of magic {unknown}
Comestibles
 c - 2 bread rations
 t - 9 chunks of flesh


   Skills:
 - Level 3.0 Fighting
 * Level 4.0 Maces & Flails
 + Level 2.6 Armour
 - Level 1.7 Dodging


You had 3 spell levels left.
You didn't know any spells.

Dungeon Overview and Level Annotations

Branches:
Dungeon (3/15)

Altars:

Annotations:
D:3 Sigmund


Innate Abilities, Weirdness & Mutations

Your movements are less encumbered by armour (ER -4).


Message History

You are more confused.
Something hits you but does no damage. Something hits you.
You bump into the rock wall.
You hear some strange, mumbled words.
A puff of flame appears from out of thin air!
The puff of flame hits you!
You're too confused!
You're too confused!
Something hits you.
You barely miss something. Something hits you. Something hits you.
* * * LOW HITPOINT WARNING * * *
Something hits you.
* * * LOW HITPOINT WARNING * * *
You bump into the rock wall.
Something hits you but does no damage.
You hear some strange, mumbled words.
A puff of flame appears from out of thin air!
The puff of flame hits you!
You die...

### #<# ## ###
#.# #. ..# #.#
#.##.# #.#
#....# #.#
#....# #.#
#....# #.#
#...@# # #.#
###### #..###
#.#[##......
#..#
#..).)......
#..#
#.####[#......
#..#
#..^...#......
#..#
#####.........
#..# #
#..+.........
#..#
#.##.##.......##
#..#
#.............#


There were no monsters in sight!

Vanquished Creatures
  2 adders (D:2)
  A giant gecko (D:2)
  5 orcs (D:3)
  5 bats
  8 hobgoblins
  4 jackals (D:1)
  3 giant newts
  7 goblins
  8 kobolds
  8 rats
51 creatures vanquished.

Notes
Turn   | Place    | Note
--------------------------------------------------------------
     0 | D:1      | lucasterio the Demonspawn Berserker began the quest for the Orb.
     0 | D:1      | Reached XP level 1. HP: 18/18 MP: 1/1
   315 | D:1      | Gained mutation: Your movements are slightly less encumbered by armour (ER -2). [demonic ancestry]
   315 | D:1      | Reached XP level 2. HP: 20/24 MP: 2/2
   762 | D:1      | Reached ** piety under Trog
   872 | D:1      | Gained mutation: Your movements are less encumbered by armour (ER -4). [demonic ancestry]
   872 | D:1      | Reached XP level 3. HP: 26/29 MP: 3/3
  1451 | D:2      | Reached skill level 4 in Maces & Flails
  1519 | D:3      | Reached XP level 4. HP: 33/35 MP: 4/4
  1598 | D:3      | Noticed Sigmund
  1616 | D:3      | Killed from afar by Sigmund

Vault maps used:
D:1:      dpeg_arrival_oval, grunt_decor_fettered
D:2:      first_bread
D:3:      uniq_sigmund, uniq_iyjb, uniq_terence, uniq_crazy_yiuf_cottage

Action                   |  1- 3 |  4- 6 || total
-------------------------+-------+-------++-------
Melee: Whip              |   124 |    26 ||   150
       Mace              |    13 |       ||    13
 Stab: Sleeping          |     1 |       ||     1
  Eat: Chunk             |     2 |       ||     2
